 Dungeon Crawl Stone Soup version 0.26-a0-812-g31a745ddcd (webtiles) character file.

Game seed: 1881638307414396977

6181 kae the Cleaver (level 10, -6/90 HPs)
             Began as a Hill Orc Fighter on Dec 3, 2020.
             Was a Believer of Qazlal.
             Mangled by a tentacled starspawn (22 damage)
             ... on level 2 of the Abyss.
             The game lasted 00:09:48 (9948 turns).

kae the Cleaver (Hill Orc Fighter)                  Turns: 9948, Time: 00:09:48

Health: -6/90      AC: 20    Str: 23    XL:     10   Next: 91%
Magic:  7/15       EV:  9    Int:  8    God:    Qazlal [**....]
Gold:   386        SH: 10    Dex: 10    Spells: 9/9 levels left

rFire    . . .     SeeInvis .   a - +1 war axe
rCold    + . .     Faith    .   o - +2 buckler
rNeg     . . .     Spirit   .   A - +0 plate armour
rPois    .         Reflect  .   (no helmet)
rElec    .         Harm     .   (no cloak)
rCorr    .         Rampage  .   x - +1 pair of gloves
MR       .....                  (no boots)
Stlth    ..........             (no amulet)
HPRegen  0.25/turn              r - ring of protection from cold
MPRegen  0.14/turn              m - +4 ring of protection

@: no status effects
A: no striking features
a: Upheaval, Renounce Religion


You were on level 2 of the Abyss.
You worshipped Qazlal.
Qazlal was pleased with you.
You visited 2 branches of the dungeon, and saw 10 of its levels.
You visited the Abyss 1 time.
You also visited: Sewer.

You collected 750 gold pieces.
You spent 364 gold pieces at shops.

Inventory:

Hand Weapons
 a - a +1 war axe (weapon)
Armour
 o - a +2 buckler (worn)
 s - the +1 chain mail "Xomudegg" {Harm +Blink Int-5 Dex+6}
   (You bought it in a shop on level 5 of the Dungeon)

   It affects your intelligence (-5).
   It affects your dexterity (+6).
   It lets you blink.
   It increases damage dealt and taken.
 x - a +1 pair of gloves (worn)
 A - a +0 plate armour (worn)
Jewellery
 h - an uncursed ring of ice
 i - an uncursed ring of resist corrosion
 m - a +4 ring of protection (right hand)
 r - a ring of protection from cold (left hand)
 D - a +6 ring of strength {unknown}
Wands
 j - a wand of disintegration (29)
 n - a wand of paralysis (10)
 p - a wand of digging (5)
 E - a wand of iceblast (8)
 H - a wand of polymorph (9)
Scrolls
 e - 6 scrolls of teleportation
 k - 3 scrolls of identify
 l - 4 scrolls of remove curse
 q - a scroll of fog
 t - a scroll of blinking
 u - a scroll of enchant weapon
 y - a scroll of fear
Potions
 b - a potion of berserk rage
 c - 2 potions of flight
 d - 6 potions of might
 f - 3 potions of haste
 g - 3 potions of brilliance
 v - a potion of lignification
 z - a potion of invisibility
 B - a potion of cancellation
 C - a potion of mutation
 F - a potion of attraction


   Skills:
 + Level 8.9 Fighting
 * Level 12.4 Axes
 + Level 8.1 Armour
 + Level 5.5 Dodging
 - Level 4.0 Shields
 + Level 6.7 Invocations


You had 9 spell levels left.
You didn't know any spells.
Your spell library contained the following spells:

 Spells                   Type           Power        Failure   Level
 Beastly Appendage        Tmut           #.....       99%         1
 Wereblood                Tmut           #.......     100%        2
 Confusing Touch          Hex            #.......     100%        3
 Gell's Gravitas          Tloc           #.........   100%        3
 Spider Form              Tmut/Pois      #.........   100%        3
 Ice Form                 Ice/Tmut       #.......     100%        4
 Petrify                  Tmut/Erth      #.......     100%        4
 Blade Hands              Tmut           #.........   100%        5
 Metabolic Englaciation   Hex/Ice        #.........   100%        5
 Yara's Violent Unravell  Hex/Tmut       #.........   100%        5


Dungeon Overview and Level Annotations

Branches:
Dungeon (9/15)             Temple (1/1) D:4           Sewer (visited)
   Lair: D:8-11         Orc: D:9-12

Altars:
Ashenzari
Cheibriados
Dithmenos
Elyvilon
Fedhas
Gozag
Hepliaklqana
Kikubaaqudgha
Makhleb
Nemelex Xobeh
Okawaru
Qazlal
Ru
Sif Muna
Trog
Uskayaw
Vehumet
Wu Jian
Xom
Zin
The Shining One

Shops:
D:5 !*

Annotations:
D:9 Psyche


Message History

The chaos spawn is severely wounded.
You block the chaos spawn's attack.
You slash the chaos spawn!
You kill the chaos spawn!
Qazlal accepts your kill.
The chaos spawn degenerates into a cloud of primal chaos!
You start resting.
A tentacled starspawn comes into view.
A tentacled starspawn is nearby!
A tentacled starspawn is nearby!
You swing at nothing.
You swing at nothing.
You swing at nothing.
You slash the tentacled starspawn! The tentacled starspawn bites you!
* * * LOW HITPOINT WARNING * * *
The tentacled starspawn engulfs you but does no damage.
You slash the tentacled starspawn!
The tentacled starspawn is moderately damaged.
The tentacled starspawn bites you!!
You die...

. ## .. #!
#.4 †#. #..
#†## ###X@#
# #.).##
..[.....###
.#./.#. #
.. . # # #
.


You could see a tentacled starspawn.

Vanquished Creatures
  An orb spider (Abyss:2)
  Maggie (D:6)
  An ancient zyme (Abyss:2)
  4 blink frogs (Abyss:2)
  2 chaos spawn (Abyss:2)
  A water moccasin (D:9)
  A sky beast (D:8)
  A black bear (D:7)
  4 ogres
  2 ice beasts (D:8)
  A phantom (D:4)
  4 centaurs
  10 big kobolds
  5 bullfrogs
  A water moccasin skeleton (D:7)
  A scorpion (D:9)
  4 wights (D:8)
  2 jellies
  3 howler monkeys
  3 crimson imps (D:9)
  2 quasits
  A small abomination (Abyss:2)
  8 hounds
  5 orc priests
  2 bullfrog skeletons (D:7)
  2 gnoll shamans (D:6)
  2 orc wizards
  2 iguanas
  8 worker ants
  A hound zombie (D:6)
  A howler monkey zombie (D:7)
  2 hound skeletons
  A howler monkey skeleton (D:5)
  13 gnolls
  2 river rats (Sewer)
  18 adders
  A shadow imp (D:7)
  4 white imps (D:9)
  2 ufetubi
  5 oozes
  An adder zombie (D:8)
  3 worms (D:2)
  4 dart slugs
  11 leopard geckos
  14 orcs
  4 ball pythons
  10 bats
  10 giant cockroaches
  12 hobgoblins
  12 jackals
  23 kobolds
  4 quokkas
  8 frilled lizards
  11 goblins
  A leopard gecko skeleton (D:5)
  9 rats
271 creatures vanquished.

Vanquished Creatures (others)
  53 plants (D:6)
53 creatures vanquished.

Grand Total: 324 creatures vanquished

Notes
Turn   | Place    | Note
-------+----------+-------------------------------------------
     0 | D:1      | kae the Hill Orc Fighter began the quest for the Orb.
     0 | D:1      | Reached XP level 1. HP: 19/19 MP: 1/1
    33 | D:1      | Reached skill level 3 in Axes
    33 | D:1      | Reached XP level 2. HP: 27/27 MP: 2/2
   231 | D:1      | Reached XP level 3. HP: 30/33 MP: 3/3
   699 | D:2      | Reached skill level 4 in Axes
   699 | D:2      | Reached XP level 4. HP: 39/40 MP: 4/4
   756 | D:2      | Reached skill level 1 in Dodging
  1789 | D:2      | Reached XP level 5. HP: 46/46 MP: 5/5
  2059 | D:3      | Found a glowing drain.
  2073 | Sewer    | Entered a sewer
  2302 | Sewer    | Noticed a big kobold
  2302 | Sewer    | Noticed a big kobold
  2324 | Sewer    | Killed a big kobold
  2324 | Sewer    | Reached skill level 5 in Axes
  2324 | Sewer    | Reached XP level 6. HP: 38/53 MP: 6/6
  2577 | Sewer    | Reached skill level 5 in Fighting
  2577 | Sewer    | Reached skill level 6 in Axes
  2702 | Sewer    | Reached XP level 7. HP: 61/61 MP: 7/7
  3015 | D:3      | Reached skill level 7 in Axes
  3044 | D:3      | Reached skill level 5 in Armour
  4110 | D:4      | Reached XP level 8. HP: 64/70 MP: 8/8
  4312 | D:4      | Found a staircase to the Ecumenical Temple.
  4362 | D:4      | Found a stormy altar of Qazlal.
  4610 | Temple   | Entered the Ecumenical Temple
  4903 | Temple   | Became a worshipper of Qazlal Stormbringer
  5324 | D:5      | Entered Level 5 of the Dungeon
  5664 | D:5      | Reached skill level 8 in Axes
  6129 | D:5      | Reached skill level 1 in Invocations
  6438 | D:5      | Found Acokk's Assorted Antiques.
  6442 | D:5      | Bought a masterwork chain mail for 228 gold pieces
  6442 | D:5      | Bought a scroll of identify for 48 gold pieces
  6452 | D:5      | Identified the cursed +1 chain mail "Xomudegg" {Harm +Blink
                  | Int-5 Dex+6} (You bought it in a shop on level 5 of the
                  | Dungeon)
  6732 | D:5      | Found Utug's Distillery.
  6736 | D:5      | Bought a potion of lignification for 33 gold pieces
  6736 | D:5      | Bought a potion of heal wounds for 55 gold pieces
  6945 | D:6      | Noticed Maggie
  6964 | D:6      | Killed Maggie
  6964 | D:6      | Reached skill level 9 in Axes
  7181 | D:6      | Reached XP level 9. HP: 72/78 MP: 10/10
  7247 | D:6      | Reached * piety under Qazlal
  7385 | D:6      | Reached skill level 10 in Axes
  7655 | D:6      | Found a snail-covered altar of Cheibriados.
  7699 | D:6      | Reached ** piety under Qazlal
  8384 | D:7      | Reached skill level 11 in Axes
  8692 | D:7      | Reached XP level 10. HP: 88/88 MP: 13/13
  8940 | D:8      | Reached skill level 5 in Invocations
  9733 | D:9      | Found a sparkling altar of Nemelex Xobeh.
  9740 | D:9      | Reached *** piety under Qazlal
  9741 | D:9      | Reached skill level 5 in Dodging
  9766 | D:9      | Noticed Psyche
  9781 | D:9      | Cast into level 2 of the Abyss (Psyche)
  9892 | Abyss:2  | Reached skill level 12 in Axes
  9900 | Abyss:2  | Noticed an orb spider
  9910 | Abyss:2  | Killed an orb spider
  9943 | Abyss:2  | Noticed a tentacled starspawn
  9948 | Abyss:2  | Mangled by a tentacled starspawn

Illustrated notes

Levels and vault maps discovered:
D:1:      minmay_arrival_solitary_statue, layout_rooms
D:2:      minmay_chambers_of_ones, layout_loops_ring
D:3:      layout_basic, portal_sewer_entry_f, minmay_misc_feat_cross
D:4:      layout_basic, minmay_temple_entry_overgrown,
          nicolae_qazlal_general_emergency
D:5:      layout_basic, serial_shops, shop, nicolae_shop_trees,
          minmay_misc_feat_enclosed, kennysheep_generic_room_7
D:6:      kennysheep_housing_project, layout_loops_cross, cheibriados_altar_1,
          uniq_maggie
D:7:      layout_cave_pools
D:8:      layout_rooms, kennysheep_cross_room, patterned_corridor
D:9:      layout_rooms, kennysheep_mini, lair_entry_dummy, basic_altar,
          minmay_nine_imps, uniq_psyche
Temple:   nicolae_temple_the_god_donut
Abyss:2:  base: D:4, minivault_25, hangedman_abyss_or_decor_passed,
          hangedman_stitches_earthworm

Skill      XL: |  1  2  3  4  5  6  7  8  9 10 |
---------------+-------------------------------+-----
Axes           | 3 4 5 6 7 9 11 12 | 12.4
Fighting       | 4 5 6 7 8 |  8.9
Dodging        | 1 2 3 4 5 |  5.5
Armour         | 4 5 6 7 8 |  8.1
Shields        | 4 |  4.0
Invocations    | 2 4 6 |  6.7

Action                   |  1- 3 |  4- 6 |  7- 9 | 10-12 || total
-------------------------+-------+-------+-------+-------++-------
Melee: War axe           |    97 |   207 |   472 |   152 ||   928
       Hand axe          |       |       |     7 |       ||     7
Invok: Upheaval          |       |       |       |     4 ||     4
  Use: Scroll            |     2 |     5 |    10 |     6 ||    23
       Potion            |       |       |     4 |     1 ||     5
 Stab: Paralysed         |       |       |       |     2 ||     2
Armor: Scale mail        |    49 |    96 |   118 |       ||   263
       Chain mail        |       |       |   110 |     3 ||   113
       Plate armour      |       |       |       |    85 ||    85
Dodge: Dodged            |    43 |    63 |   172 |    41 ||   319
Block: Kite shield       |    54 |    96 |   115 |       ||   265
       Buckler           |       |       |   135 |    71 ||   206

Table legend: (Time is in decaauts)
 A = Elapsed time spent in this place.
 B = Non-inter-level travel time spent in this place.
 C = Inter-level travel time spent in this place.
 D = Time resting spent in this place.
 E = Time spent auto-exploring this place.
 F = Levels seen in this place.
 G = Mean time per level.
                   A        B        C        D        E       F      G
               +--------+--------+--------+--------+--------+-----+--------+
         Total |  10221 |   9801 |    420 |   1284 |   6566 |  12 |  851.8 |
       Dungeon |   8723 |   8341 |    382 |   1189 |   5621 |   9 |  969.2 |
        Temple |    305 |    267 |     38 |      0 |    236 |   1 |  305.0 |
         Abyss |    161 |    161 |      0 |     95 |      0 |   1 |  161.0 |
         Sewer |   1029 |   1029 |      0 |      0 |    708 |   1 | 1029.0 |
               +--------+--------+--------+--------+--------+-----+--------+

Top non-repeatable levels by time:
     D:3: 1362 daAuts
     D:2: 1344 daAuts
     D:5: 1338 daAuts
     D:6: 1334 daAuts
     D:4: 1146 daAuts
   Sewer: 1029 daAuts
     D:8: 761 daAuts
     D:7: 685 daAuts
     D:1: 669 daAuts
  Temple: 305 daAuts
 Abyss:2: 161 daAuts
     D:9: 82 daAuts
